 Dungeon Crawl Stone Soup version 0.17.0-28-g6e173f8 (webtiles) character file.

200 gorblad the Skirmisher (level 6, -13/52 HPs)
             Began as a Human Fighter on Dec 2, 2015.
             Mangled by Crazy Yiuf
             ... wielding a +4 quarterstaff of chaos
              (17 damage)
             ... on level 3 of the Dungeon.
             The game lasted 00:05:34 (2785 turns).

gorblad the Skirmisher (Human Fighter)              Turns: 2785, Time: 00:05:35

Health: -13/52     AC:  6    Str: 23    XL:     6   Next: 7%
Magic:  6/6        EV:  7    Int:  9    God:
Gold:   139        SH:  9    Dex: 12    Spells: 0 memorised, 5 levels left

rFire  . . .     SeeInvis .     a - +0 long sword
rCold  . . .     Clarity  .     b - +0 scale mail
rNeg   . . .     SustAt   .     c - +0 shield
rPois  .         Gourm    .     (no helmet)
rElec  .         Spirit   .     (no cloak)
rCorr  .         Warding  .     (no gloves)
rMut   .         Stasis   .     (no boots)
MR     .....                    (no amulet)
Stlth  ..........               (no ring)
                                (no ring)

@: mighty, lethally poisoned (-13 -> -21), drained, not resistant to hostile
enchantments, extremely unstealthy
A: no striking features
a: no special abilities


You were on level 3 of the Dungeon.
You were hungry.

You visited 1 branch of the dungeon, and saw 3 of its levels.

You collected 139 gold pieces.

Inventory:

Hand Weapons
 a - a +0 long sword (weapon)
Armour
 b - a +0 scale mail (worn)
 c - a +0 shield (worn)
Jewellery
 r - an uncursed ring of protection from magic {unknown}
Scrolls
 f - 2 scrolls of identify {unknown}
 g - 2 scrolls of magic mapping {unknown}
 h - a scroll of amnesia {unknown}
 j - 3 scrolls of remove curse {unknown}
 k - 2 scrolls of teleportation {unknown}
 l - a scroll of immolation {unknown}
 p - a scroll of enchant weapon {unknown}
Potions
 d - a potion of might
 i - 3 potions of curing {unknown}
 m - a potion of resistance {unknown}
 q - 2 potions of cancellation {unknown}
Comestibles
 e - 2 bread rations
 n - 2 meat rations


   Skills:
 + Level 6.2(5.9) Fighting
 - Level 2.0(1.7) Long Blades
 - Level 3.0(2.7) Armour
 - Level 3.0(2.7) Shields


You had 5 spell levels left.
You didn't know any spells.

Dungeon Overview and Level Annotations

Branches:
Dungeon (3/15)

Altars:
Gozag
Nemelex Xobeh
Qazlal
Sif Muna
Trog

Annotations:
D:3 Crazy Yiuf


Message History

Crazy Yiuf is lightly wounded.
Crazy Yiuf hits you with a quarterstaff of chaos!
You are poisoned.
You hit Crazy Yiuf.
Crazy Yiuf is moderately wounded.
You feel sick. Crazy Yiuf barely misses you.
Crazy Yiuf hits you with a quarterstaff of chaos!
* * * LOW HITPOINT WARNING * * *
You are too injured to fight recklessly!
You are too injured to fight recklessly!
You are too injured to fight recklessly!
You are too injured to fight recklessly!
You are too injured to fight recklessly!
You slash Crazy Yiuf!
Crazy Yiuf is almost dead.
You feel sick.
Crazy Yiuf hits you with a quarterstaff of chaos!
* * * LOW HITPOINT WARNING * * *
You are electrocuted!
You die...

#...#.....####....#
##'###.#.#.# ##..##
....##.#...# ♣PP.P♣
....##)##### ♣♣...♣
....##.#...# ♣♣.♣♣
.......#.#.# ♣♣.♣
...###...#.# ♣.♣♣
....##.###.# ♣♣.♣
....##.# #.# ♣@♣♣
....##.# #.# #g#
.....#.# ### ...
.....+.# #...#
.....### #)..#
##.... #####


You could see Crazy Yiuf.

Vanquished Creatures
  A scorpion (D:3)
  Ijyb (D:3)
  4 adders
  2 oozes
  2 worms (D:2)
  A giant gecko (D:1)
  An orc (D:3)
  3 giant cockroaches
  11 hobgoblins
  6 jackals (D:1)
  10 bats
  5 giant newts
  7 goblins
  10 kobolds
  8 rats
72 creatures vanquished.

Notes
Turn   | Place    | Note
--------------------------------------------------------------
     0 | D:1      | gorblad the Human Fighter began the quest for the Orb.
     0 | D:1      | Reached XP level 1. HP: 18/18 MP: 1/1
   161 | D:1      | Reached XP level 2. HP: 10/24 MP: 2/2
   781 | D:1      | Reached skill level 4 in Fighting
   781 | D:1      | Reached XP level 3. HP: 30/30 MP: 3/3
  1154 | D:2      | Found a stormy altar of Qazlal.
  1191 | D:2      | Found a deep blue altar of Sif Muna.
  1279 | D:2      | Reached XP level 4. HP: 36/38 MP: 4/4
  1320 | D:2      | Found a bloodstained altar of Trog.
  1668 | D:2      | Reached skill level 5 in Fighting
  1906 | D:2      | Reached XP level 5. HP: 21/44 MP: 5/5
  2322 | D:3      | Found an opulent altar of Gozag.
  2418 | D:3      | Found a sparkling altar of Nemelex Xobeh.
  2469 | D:3      | Noticed Ijyb
  2485 | D:3      | Killed Ijyb
  2575 | D:3      | Reached skill level 6 in Fighting
  2575 | D:3      | Reached XP level 6. HP: 27/52 MP: 6/6
  2778 | D:3      | Noticed Crazy Yiuf
  2785 | D:3      | Mangled by Crazy Yiuf

Action                   |  1- 3 |  4- 6 || total
-------------------------+-------+-------++-------
Melee: Long sword        |   108 |   155 ||   263
  Use: Potion            |       |     1 ||     1
  Eat: Chunk             |     1 |     5 ||     6
